 Dungeon Crawl Stone Soup version 0.21.0-3-g78d12a8 (webtiles) character file.

586 Monsterracer the Insei (level 7, -6/48 HPs)
             Began as a Demonspawn Transmuter on Jan 14, 2018.
             Mangled by a gnoll
             ... wielding a +3 halberd
              (15 damage)
             ... on level 5 of the Dungeon.
             The game lasted 00:09:30 (5782 turns).

Monsterracer the Insei (Demonspawn Transmuter)      Turns: 5782, Time: 00:09:31

Health: -6/48      AC:  8    Str: 10    XL:     7   Next: 15%
Magic:  8/10       EV: 12    Int: 17    God:
Gold:   298        SH:  2    Dex: 13    Spells: 4/10 levels left

rFire    . . .     SeeInvis .     - Unarmed
rCold    . . .     Gourm    .   (no shield)
rNeg     . . .     Faith    .   b - +1 robe
rPois    +         Spirit   .   (no helmet)
rElec    .         Reflect  +   (no cloak)
rCorr    .         Harm     .   (no gloves)
MR       .....                  (no boots)
Stlth    +.........             q - +2 amulet of reflection
HPRegen  0.16/turn              i - ring of poison resistance {!d}
MPRegen  0.12/turn              s - +2 ring of protection

@: no status effects
A: yellow scales 2
a: no special abilities


You were on level 5 of the Dungeon.
You were not hungry.

You visited 1 branch of the dungeon, and saw 5 of its levels.

You collected 298 gold pieces.

Inventory:

Missiles
 a - 106 arrows
Armour
 b - a +1 robe (worn)
 f - a +0 buckler
Jewellery
 i - a ring of poison resistance (left hand) {!d}
 q - a +2 amulet of reflection (around neck)
 s - a +2 ring of protection (right hand)
Scrolls
 e - a scroll of fear {!r}
 j - a scroll of identify
 k - 4 scrolls of remove curse
 l - a scroll of blinking
Potions
 g - a potion of flight
 h - 2 potions of agility
 m - 2 potions of curing
 o - a potion of invisibility
Books
 d - a book of Changes

   Spells                             Type                      Level
   a - Beastly Appendage              Transmutation                1
   b - Sticks to Snakes               Transmutation                2
   c - Spider Form                    Transmutation/Poison         3
   d - Ice Form                       Ice/Transmutation            4
   e - Blade Hands                    Transmutation                5
Comestibles
 c - 4 rations


   Skills:
 - Level 1.0 Fighting
 - Level 1.7 Dodging
 + Level 6.6 Unarmed Combat
 - Level 2.0 Spellcasting
 + Level 4.0 Transmutations


You had 4 spell levels left.
You knew the following spells:

 Your Spells              Type           Power        Failure   Level  Hunger
a - Beastly Appendage     Tmut           ###...       3%          1    #......
b - Sticks to Snakes      Tmut           ###.....     5%          2    ###....
c - Spider Form           Tmut/Pois      #.........   26%         3    ###....


Dungeon Overview and Level Annotations

Branches:
Dungeon (5/15)
 Temple: D:4-7

Altars:
Gozag
Vehumet

Annotations:
D:4 grom234's ghost, novice FoAK


Innate Abilities, Weirdness & Mutations

You are mostly covered in yellow scales. (AC +3)


Message History

Casting: Spider Form
Confirm with . or Enter, or press ? or * to list all spells.
You create a snake!
You now have 106 arrows.
The ice beast hits you but does no damage.
You now have 7/9 mp.
You aren't carrying any items that you can evoke.
Your adder bites the ice beast but does no damage.
Your adder bites the ice beast.
The ice beast is poisoned.
Your adder poisons the ice beast!
Things that are here:
a jackal skeleton x2
Your adder barely misses the ice beast.
You hit the ice beast.
The ice beast is lightly wounded.
You hit the ice beast.
The ice beast is moderately wounded.
Your adder bites the ice beast.
The ice beast looks as sick as possible!
Your adder poisons the ice beast!
The ice beast hits you but does no damage.
Your adder misses the ice beast. You punch the ice beast!
The ice beast is heavily wounded.
The ice beast closely misses you.
Your adder bites the ice beast.
You punch the ice beast!
The ice beast is almost dead.
The ice beast dies!
You have reached level 7!
Your adder looks stronger.
You regained 5 hp, and now have 44/48 hp.
Okay, then.
Your adder withers and dies!
HP restored.
An adder comes into view.
The adder hisses angrily.
Health restored: 48; MP restored: 10 An adder is nearby!
An adder is nearby!
Found a potion of curing.
You hit the adder but do no damage. You block the adder's attack.
You punch the adder!
The adder is almost dead.
The adder bites you.
You take 1 damage, and have 47/48 hp.
You barely miss the adder.
The adder is almost dead.
The adder bites you but does no damage.
You miss the adder.
The adder is almost dead.
The adder closely misses you.
Health restored: 48 You hit the adder.
You kill the adder!
Your Transmutations skill increases to level 4!
m - 2 potions of curing (gained 1)
Found a robe.
You now have 282 gold pieces (gained 8).
You now have 298 gold pieces (gained 16). 2 gnolls come into view.
The gnoll shouts!
A gnoll comes into view. It is wielding a spear.
The gnoll shouts! x2
There are monsters nearby!
Casting: Sticks to Snakes
Confirm with . or Enter, or press ? or * to list all spells.
You turn into a venomous arachnid creature.
Your +1 robe melds into your body.
You now have 7/10 mp.
The gnoll hits you with an enchanted halberd!
A gnoll comes into view. It is wielding a club.
You take 8 damage, and have 40/48 hp.
The gnoll shouts!
You hit the gnoll.
The gnoll is poisoned.
The gnoll is moderately wounded.
The gnoll hits you with an enchanted halberd.
You take 6 damage, and have 34/48 hp.
All of the chunks of flesh in your inventory have rotted away.
Your transformation is almost over.
The gnoll completely misses you. The gnoll misses you.
You barely miss the gnoll. The gnoll misses you. x2
The gnoll closely misses you. The gnoll closely misses you.
The gnoll misses you. You block the gnoll's attack.
You bite the gnoll!
The gnoll is poisoned.
The gnoll is almost dead.
The gnoll closely misses you. The gnoll hits you with a spear.
The gnoll completely misses you.
You take 4 damage, and have 31/48 hp.
The gnoll hits you from afar with a spear.
You take 2 damage, and have 29/48 hp.
You kill the gnoll!
The gnoll hits you from afar with an enchanted halberd!
* * * LOW HITPOINT WARNING * * *
You take 11 damage, and have 18/48 hp.
MASSIVE DAMAGE!!
Your transformation has ended.
Your +1 robe unmelds from your body.
The gnoll hits you from afar with a spear!
* * * LOW HITPOINT WARNING * * *
The gnoll hits you with an enchanted halberd!
You die...

#.##.......#..#......
#.##.................
..##.......#.........
.. #.......####<#####
#.......## #.#
##.......# #.# #
#.##........#
###.#####.##.##.#####
#..ggg@....# .#
#...##..#.## # #.#
#..#.# .. ...... .
#####.## .# #


You could see 3 gnolls.

Vanquished Creatures
  An ogre (D:5)
  2 howler monkeys (D:4)
  A centaur zombie (D:5)
  An orc priest (D:3)
  An orc wizard (D:4)
  Jessica (D:3)
  Terence (D:3)
  3 worker ants
  3 adders
  A gnoll (D:5)
  An adder zombie (D:5)
  A worm (D:2)
  2 dart slugs
  2 leopard geckos (D:1)
  15 orcs
  2 ball pythons (D:2)
  5 giant cockroaches
  7 goblins
  8 hobgoblins
  3 jackals (D:5)
  A quokka (D:3)
  3 bats
  3 frilled lizards
  6 kobolds
  2 leopard gecko skeletons (D:4)
  A quokka skeleton (D:3)
  3 rats
80 creatures vanquished.

Vanquished Creatures (collateral kills)
  An ice beast (D:5)
  An adder (D:2)
2 creatures vanquished.

Grand Total: 82 creatures vanquished

Notes
Turn   | Place    | Note
-------+----------+-------------------------------------------
     0 | D:1      | Monsterracer the Demonspawn Transmuter began the quest for the Orb.
     0 | D:1      | Reached XP level 1. HP: 15/15 MP: 3/3
    61 | D:1      | HP: 7/15 [kobold/whip (1)]
   277 | D:1      | Reached skill level 3 in Unarmed Combat
   526 | D:1      | Gained mutation: You are partially covered in yellow scales. (AC +2) [demonic ancestry]
   526 | D:1      | Reached XP level 2. HP: 17/21 MP: 5/5
   530 | D:1      | Learned a level 2 spell: Sticks to Snakes
  1664 | D:2      | Reached XP level 3. HP: 17/26 MP: 6/6
  1668 | D:2      | Reached skill level 4 in Unarmed Combat
  2076 | D:2      | Found an opulent altar of Gozag.
  2279 | D:2      | Learned a level 3 spell: Spider Form
  2600 | D:3      | Noticed Jessica
  2604 | D:3      | Killed Jessica
  2604 | D:3      | Gained mutation: You are mostly covered in yellow scales. (AC +3) [demonic ancestry]
  2604 | D:3      | Reached XP level 4. HP: 29/32 MP: 3/7
  2676 | D:3      | Reached skill level 5 in Unarmed Combat
  2684 | D:3      | Reached XP level 5. HP: 21/37 MP: 2/8
  3260 | D:3      | Noticed Terence
  3322 | D:3      | Killed Terence
  3453 | D:3      | Found a faded altar of an unknown god.
  3462 | D:3      | Became a worshipper of Vehumet
  3462 | D:3      | Reached * piety under Vehumet
  3462 | D:3      | Offered knowledge of Sting by Vehumet.
  3463 | D:3      | Fell from the grace of Vehumet
  4157 | D:4      | Reached XP level 6. HP: 41/43 MP: 6/9
  4341 | D:4      | Reached skill level 6 in Unarmed Combat
  4609 | D:4      | Noticed grom234's ghost (novice FoAK)
  4648 | D:4      | HP: 20/43 [grom234's ghost (3)]
  4652 | D:4      | HP: 6/43 [grom234's ghost (14)]
  4967 | D:4      | HP: 14/43 [divine wrath (29)]
  5399 | D:5      | Entered Level 5 of the Dungeon
  5536 | D:5      | HP: 21/43 [poisoned by a worker ant]
  5544 | D:5      | HP: 20/43 [poisoned by a worker ant]
  5662 | D:5      | Noticed an ice beast
  5690 | D:5      | Killed an ice beast
  5690 | D:5      | Reached XP level 7. HP: 44/48 MP: 8/10
  5781 | D:5      | HP: 18/48 [gnoll/enchanted halberd (12)]
  5782 | D:5      | Mangled by a gnoll

Skill      XL: |  1  2  3  4  5  6  7 |
---------------+----------------------+-----
Unarmed Combat | 3 4 5 6 |  6.6
Transmutations | 2 3 4 |  4.0
Fighting       | |  1.0
Dodging        | |  1.7
Spellcasting   | |  2.0

Action                   |  1- 3 |  4- 6 |  7- 9 || total
-------------------------+-------+-------+-------++-------
Melee: Unarmed           |   124 |   208 |     8 ||   340
       Punch             |     4 |     2 |       ||     6
       Kick              |     1 |     2 |       ||     3
 Cast: Beastly Appendage |     1 |     1 |       ||     2
       Spider Form       |     1 |     8 |     1 ||    10
       Sticks to Snakes  |     1 |     3 |       ||     4
Invok: Renounce Religion |       |     1 |       ||     1
  Use: Scroll            |       |    13 |       ||    13
       Potion            |       |     1 |       ||     1
 Stab: Sleeping          |     2 |     1 |       ||     3
  Eat: Chunk             |     5 |     9 |       ||    14
       Ration            |       |     1 |       ||     1
Armor: Robe              |    30 |    41 |     1 ||    72
       Skin              |       |     8 |       ||     8
Dodge: Dodged            |    77 |   138 |    10 ||   225
Block: Other             |       |     7 |     2 ||     9

Vault maps used:
D:1:      nagdon_arrival_zigzag_paths
D:2:      nicolae_gozag_cash_rules_everything_around_me
D:3:      chequers_ecumenical_altar_twisty, first_ration, serial_park_tiny_2,
          uniq_terence, uniq_crazy_yiuf_cottage, uniq_jessica
D:5:      lemuel_doored_altar, serial_shops, nicolae_shop_stone, basic_altar,
          fedhas_altar_fruit_tree
